 Dungeon Sprint DCSS version 0.16-a0-3781-g2316936 (console) character file.

2279 Monkaria the Severer (level 9, -4/85 HPs)
             Began as a Hill Orc Fighter on Jan 25, 2015.
             Was a Follower of Makhleb.
             Slain by a deep troll (10 damage)
             ... in the Dungeon (Sprint I: "Red Sonja").
             The game lasted 00:03:00 (1581 turns).

Monkaria the Severer (Hill Orc Fighter)             Turns: 1581, Time: 00:03:00

Health: -4/85      AC: 10    Str: 22    XL:     9   Next: 39%
Magic:  9/9        EV:  9    Int:  8    God:    Makhleb [*.....]
Gold:   427        SH: 12    Dex: 10    Spells: 0 memorised, 8 levels left

rFire  . . .     SeeInvis .     a - +0 war axe
rCold  . . .     Clarity  .     b - +1 scale mail
rNeg   . . .     SustAb   .     c - +0 shield
rPois  .         Gourm    .     (no helmet)
rElec  .         Spirit   .     (no cloak)
rCorr  .         Warding  .     (no gloves)
rMut   .         NoTele   +     (no boots)
MR     .....                    (no amulet)
Stlth  ..........               (no ring)
                                (no ring)

@: very slightly contaminated, not resistant to hostile enchantments, extremely
unstealthy
A: no striking features
a: Renounce Religion


You were in the Dungeon.
You worshipped Makhleb.
Makhleb was aware of your devotion.
You were not hungry.

You visited 1 branch You collected 427 gold pieces.

Inventory:

Hand weapons
 a - a +0 war axe (weapon)
 m - a +0 longbow
Missiles
 j - 17 arrows
Armour
 b - a +1 scale mail (worn)
 c - a +0 shield (worn)
Scrolls
 l - a scroll of enchant armour
 o - a scroll of silence {unknown}
Potions
 e - a potion of might
 f - a potion of curing
 g - a potion of heal wounds
 h - a potion of haste
 i - 3 potions of magic
Comestibles
 n - a beef jerky


   Skills:
 - Level 10.0 Fighting
 + Level 16.0 Axes
 - Level 11.6 Armour
 - Level 11.6 Shields


You had 8 spell levels left.
You didn't know any spells.

Dungeon Overview and Level Annotations

Branches:
Dungeon (1/1)

Altars:
Cheibriados
Dithmenos
Elyvilon
Fedhas
Gozag
Kikubaaqudgha
Makhleb
Nemelex Xobeh
Okawaru
Qazlal
Ru
Sif Muna
Trog
Vehumet
Xom
Yredelemnul
Zin
The Shining One
Jiyva

Shops:
D %


Message History

There's nothing to close nearby.
There's nothing to close nearby.
There's nothing to close nearby.
There's nothing to close nearby.
There's nothing to close nearby.
There's nothing to close nearby.
There's nothing to close nearby.
There's nothing to close nearby.
A deep troll opens the door.
There's a creature in the doorway!
You closely miss the deep troll.
The deep troll is lightly wounded.
Read which item? (? for menu, Esc to quit)
As you read the scroll labeled VEOPPEJUAB, it crumbles to dust.
It is a scroll of enchant armour.
Enchant which item? (? for menu, Esc to quit)
Your +0 scale mail glows green for a moment.
The deep troll barely misses you. You block the deep troll's attack.
The deep troll claws you!
You die...

#<.#..)..#..'..#__#
#..'†.#..').#..'^.+
#..#####'#####'#__####
#..####..#...#.####§.####
#..#__####..##.#≈≈§.§#..#
#..#_..__##'#..'≈§§§§§§§#
#⌠⌠#_.∩...'..._#§§≈.§#.§#
####_..._##_.#T##'#####'#
#_____###+#@#.(T.# #§+
####### ####T### ### $$.
####


You could see a deep troll.

Vanquished Creatures
  2 centaur warriors (D)
  An oklob plant (D)
  A slime creature (D)
  A yak (D)
  A wasp (D)
  An ogre (D)
  Sigmund (D)
  A jelly (D)
  Ijyb (D)
10 creatures vanquished.

Vanquished Creatures (others)
  A gargoyle (D)
1 creature vanquished.

Grand Total: 11 creatures vanquished

Notes
Turn   | Place    | Note
--------------------------------------------------------------
     0 | D        | Monkaria, the Hill Orc Fighter, began the quest for the Orb.
     0 | D        | Reached XP level 1. HP: 19/19 MP: 1/1
     2 | D        | Noticed Ijyb
    21 | D        | Killed Ijyb
    21 | D        | Reached skill level 5 in Fighting
    21 | D        | Reached skill level 6 in Axes
    21 | D        | Reached XP level 2. HP: 18/29 MP: 2/2
   141 | D        | Noticed an ogre
   144 | D        | Killed an ogre
   144 | D        | Reached skill level 7 in Fighting
   144 | D        | Reached skill level 9 in Axes
   144 | D        | Reached XP level 3. HP: 33/39 MP: 3/3
   144 | D        | Reached XP level 4. HP: 39/47 MP: 4/4
   197 | D        | Noticed Sigmund
   212 | D        | HP: 2/47 [something (4)]
   213 | D        | Killed Sigmund
   213 | D        | Reached skill level 11 in Axes
   213 | D        | Reached XP level 5. HP: 2/53 MP: 5/5
   522 | D        | Found a deep blue altar of Sif Muna.
   523 | D        | Noticed a jelly
   524 | D        | Found a radiant altar of Vehumet.
   531 | D        | Killed a jelly
   531 | D        | Reached skill level 12 in Axes
   610 | D        | Found Ymuamp's Food Emporium.
   610 | D        | Found a white marble altar of Elyvilon.
   610 | D        | Found a stormy altar of Qazlal.
   610 | D        | Found a burning altar of Makhleb.
   610 | D        | Found a sacrificial altar of Ru.
   610 | D        | Found a basalt altar of Yredelemnul.
   610 | D        | Found a glowing golden altar of the Shining One.
   610 | D        | Found a sparkling altar of Nemelex Xobeh.
   610 | D        | Found a shimmering altar of Xom.
   610 | D        | Found an opulent altar of Gozag.
   610 | D        | Found an ancient bone altar of Kikubaaqudgha.
   610 | D        | Found a glowing silver altar of Zin.
   610 | D        | Noticed a yak
   624 | D        | Killed a yak
   624 | D        | Reached skill level 10 in Fighting
   624 | D        | Reached skill level 14 in Axes
   624 | D        | Reached XP level 6. HP: 14/66 MP: 6/6
   625 | D        | Found an iron altar of Okawaru.
   626 | D        | Found a bloodstained altar of Trog.
   629 | D        | Became a worshipper of Makhleb the Destroyer
   830 | D        | Killed a gargoyle
   872 | D        | Found a snail-covered altar of Cheibriados.
   872 | D        | Found a viscous altar of Jiyva.
   872 | D        | Found a shadowy altar of Dithmenos.
   872 | D        | Found a blossoming altar of Fedhas.
   872 | D        | Noticed a slime creature
   876 | D        | Killed a slime creature
   876 | D        | Reached skill level 5 in Armour
   876 | D        | Reached skill level 5 in Shields
   876 | D        | Reached XP level 7. HP: 53/72 MP: 7/7
   964 | D        | Noticed a centaur warrior
   964 | D        | Noticed a centaur warrior
   978 | D        | Killed a centaur warrior
   978 | D        | Acquired Makhleb's first power
   978 | D        | Reached XP level 8. HP: 53/79 MP: 8/8
   983 | D        | Killed a centaur warrior
   983 | D        | Reached XP level 9. HP: 77/85 MP: 9/9
  1117 | D        | Noticed a wasp
  1129 | D        | Killed a wasp
  1150 | D        | Noticed an oklob plant
  1173 | D        | HP: 1/85 [acid (15)]
  1174 | D        | Killed an oklob plant
  1174 | D        | Reached skill level 16 in Axes
  1542 | D        | Noticed a deep troll
  1556 | D        | HP: 1/85 [deep troll (16)]
  1581 | D        | Slain by a deep troll

Action                   |  1- 3 |  4- 6 |  7- 9 || total
-------------------------+-------+-------+-------++-------
Melee: War axe           |    21 |    39 |    61 ||   121
  Use: Potion            |       |       |     1 ||     1
       Scroll            |       |       |     2 ||     2
  Eat: Meat ration       |       |       |     1 ||     1
